AoeStats
← TKBXPT2214

Hill Fort

505544591Analyzed
4v4 RM · 24d ago on Sep 9, 2026· 45m 41s· 8 players
Game mode
Random Map
Map size
Large (8 player)
Population
200
Speed
Normal
Resources
Standard
Victory
Conquest
Starting age
Dark Age
Ending age
Imperial Age
RankedLock teamsTeams togetherTeam positionsShared explorationLock speedFull tech treeHidden civsTurbo modeCheats
Victory
Defeat
🇦🇷 Franks · Argentina
1049
+16
🇩🇪 Franks · Germany
1025
+17
🇨🇱 Muisca · Chile
1007
+18
🇦🇷 Burgundians · Argentina
974
+18
🇬🇹 Mongols · Guatemala
1066
-18
🇨🇳 Berbers · China
1058
-18
🇩🇪 Burgundians · Germany
1048
-53
🇪🇸 Britons · Spain
995
-15
Toshiro
10:03 Feudal Age
15:19 Castle Age
14:29 Horse Collar
14:37 Double-Bit Axe
20:07 Wheelbarrow
20:49 Heavy Plow
21:34 Gold Mining
22:00 Bow Saw
24:08 Fletching
24:19 Padded Archer Armor
25:23 Loom
25:57 Bodkin Arrow
31:33 Imperial Age
29:24 Forging
29:17 Squires
30:49 Town Watch
31:23 Hand Cart
32:31 Iron Casting
32:30 Town Patrol
38:47 Two-Man Saw
38:18 Crop Rotation
38:13 Squires
37:36 Elite Temple Guard
38:21 Herbalism
38:51 Bracer
39:06 Leather Archer Armor
39:33 Elite Guecha Warrior
40:39 Gold Mining
44:42 Conscription
45:46 Gold Shaft Mining
45:03 Stone Mining
45:15 Scale Mail Armor
Zack! Bonani!
4:19 Loom
13:12 Feudal Age
13:42 Double-Bit Axe
22:03 Castle Age
21:00 Stone Mining
21:02 Gold Mining
24:15 Wheelbarrow
32:26 Imperial Age
31:39 Gold Shaft Mining
31:16 Bow Saw
32:33 Hand Cart
32:33 Cavalier
33:14 Husbandry
37:16 #83
37:18 Conscription
37:33 Pikeman
38:14 Squires
39:04 Forging
38:54 Scale Mail Armor
38:57 Chivalry
39:18 Conscription
38:56 Halberdier
46:39 Iron Casting
46:20 Chain Mail Armor
FernetRush
11:25 Feudal Age
9:57 Double-Bit Axe
9:55 Horse Collar
13:15 Loom
16:58 Castle Age
15:39 Bow Saw
15:36 Heavy Plow
16:15 Gold Mining
19:02 Wheelbarrow
20:43 Wheelbarrow
22:16 Two-Man Saw
21:35 Stone Mining
22:24 Gold Shaft Mining
23:34 Hand Cart
26:55 Town Watch
31:57 Imperial Age
30:55 Stone Shaft Mining
31:23 Town Patrol
31:39 Forging
31:35 Scale Barding Armor
31:21 Fletching
31:34 Padded Archer Armor
31:48 Cavalier
32:35 Husbandry
35:22 Paladin
38:01 Chemistry
36:58 Murder Holes
37:14 Masonry
38:48 Chain Barding Armor
39:04 Iron Casting
40:08 Plate Barding Armor
39:55 Leather Archer Armor
42:24 Blast Furnace
43:32 Conscription
43:18 Burgundian Vineyards
TKBXPT2214
7:22 Loom
11:35 Feudal Age
12:57 Wheelbarrow
18:36 Castle Age
16:33 Double-Bit Axe
19:35 Hand Cart
25:54 Stone Mining
25:54 Gold Mining
30:07 Imperial Age
29:36 Husbandry
31:21 Scale Barding Armor
31:07 Fletching
32:38 Chain Barding Armor
32:29 Forging
32:57 Bodkin Arrow
34:09 Plate Barding Armor
34:10 Iron Casting
33:47 Cavalier
35:30 Conscription
36:13 Blast Furnace
36:26 Paladin
37:31 Caravan
37:43 Gold Mining
43:47 Chemistry
FeherFarkas
8:30 Feudal Age
11:23 Feudal Age
11:57 Feudal Age
13:13 Double-Bit Axe
16:19 Castle Age
16:18 Loom
17:21 Bow Saw
20:32 Fletching
21:54 Wheelbarrow
21:13 Horse Collar
23:38 Gold Mining
25:56 Hand Cart
26:21 Stone Mining
28:02 Bodkin Arrow
28:39 Husbandry
28:49 Bloodlines
33:10 Imperial Age
31:27 Padded Archer Armor
31:51 Ballistics
32:29 Gold Shaft Mining
32:35 Thumb Ring
33:21 Town Watch
33:24 Elite Mangudai
35:11 Chemistry
34:27 Bracer
34:44 Leather Archer Armor
34:16 Elite Mangudai
35:59 Conscription
Destiny9x
1:37 Loom
3:50 Wheelbarrow
20:29 Feudal Age
19:48 Fishing Lines
19:59 Horse Collar
22:38 Town Watch
23:10 Hand Cart
24:10 Man-at-Arms
27:07 Gillnets
33:39 Caravan
36:04 Castle Age
Karthusxx
7:54 Loom
9:46 Feudal Age
18:13 Castle Age
17:09 Double-Bit Axe
17:09 Horse Collar
17:48 Fletching
19:41 Bow Saw
19:40 Crossbowman
22:06 Padded Archer Armor
24:32 Pikeman
28:05 Bodkin Arrow
33:05 Imperial Age
31:34 Wheelbarrow
30:44 Town Watch
33:18 Squires
33:23 Scale Mail Armor
33:33 Forging
33:39 Leather Archer Armor
35:03 Conscription
36:29 Yeomen
35:39 Arbalester
36:25 Bracer
36:56 Ring Archer Armor
36:42 Chain Mail Armor
36:46 Halberdier
40:47 Chemistry
40:09 Ballistics
39:55 Siege Engineers
41:15 Caravan
CNZS_carlar
11:15 Feudal Age
15:28 Fishing Lines
18:37 Castle Age
21:40 Wheelbarrow
21:39 Double-Bit Axe
22:56 Gillnets
25:58 Horse Collar
30:20 Imperial Age
28:09 Scale Barding Armor
28:15 Forging
28:17 Bloodlines
28:08 Husbandry
31:26 Chain Barding Armor
31:42 Iron Casting
30:54 Heavy Camel Rider
32:03 Gold Mining
34:07 Conscription
35:20 Plate Barding Armor
39:17 Blast Furnace
39:33 Loom
40:08 Hand Cart
Connection lost

Rejoining the realm…

Still unreachable

The connection could not be restored.

Session expired

The server has moved on; the page needs a fresh start.